 Dungeon Crawl Stone Soup version 0.29-a0-103-g37f86683bf (webtiles) character file.

Game seed: 727495537088821112

11874 siradein the Blocker (level 12, -18/93 HPs)
             Began as a Formicid Fighter on Feb 15, 2022.
             Was a Priest of Cheibriados.
             Demolished by a phantasmal warrior (24 damage)
             ... led by a death knight
             ... on level 11 of the Dungeon.
             The game lasted 00:42:35 (14629 turns).

siradein the Blocker (Formicid Fighter)            Turns: 14629, Time: 00:42:36

Health: -18/93     AC: 14    Str: 27    XL:     12   Next: 13%
Magic:  27/27      EV: 10    Int: 19    God:    Cheibriados [***...]
Gold:   587        SH:  9    Dex: 20    Spells: 10/20 levels left

rFire   . . .      SeeInvis +   A - +11 long sword of Exoneration {elec, rPois Str-5 SInv}
rCold   . . .      Faith    +   b - +2 buckler
rNeg    + . .      Spirit   .   G - +0 ring mail of Too Many Cooks {Will++ Str+3 SInv}
rPois   +          Reflect  .   (helmet unavailable)
rElec   .          Harm     .   y - +0 cloak
rCorr   .          Rampage  .   u - +2 pair of gloves
Will    +++..                   t - +2 pair of boots
Stlth   +.........              F - amulet of faith
HPRegen 0.25/turn               h - ring of positive energy
MPRegen 0.20/turn               r - ring of magical power

@: attractive, very slow
A: permanent stasis, dig shafts and tunnels, antennae 3, four strong arms,
passive freeze, MP-powered wands
a: Dig, Shaft Self, Renounce Religion, Bend Time, Temporal Distortion


You were on level 11 of the Dungeon.
You worshipped Cheibriados.
Cheibriados was most pleased with you.
You visited 2 branches of the dungeon, and saw 12 of its levels.
You also visited: Bailey.

You collected 587 gold pieces.

Inventory:

Hand Weapons
 m - a +0 arbalest
 A - the +11 long sword of Exoneration (weapon) {elec, rPois Str-5 SInv}
   (You found it on level 6 of the Dungeon)

   It occasionally discharges a powerful burst of electricity upon striking a
   foe.
   Str:       It affects your strength (-5).
   rPois:     It protects you from poison.
   SInv:      It lets you see invisible.
 L - a +0 shortbow
Missiles
 a - a throwing net
 p - 20 poisoned darts (quivered)
 q - 57 bolts
 B - 2 silver javelins
 M - 204 arrows
Armour
 b - a +2 buckler (worn)
 t - a +2 pair of boots (worn)
 u - a +2 pair of gloves (worn)
 y - a +0 cloak (worn)
 G - the +0 ring mail of Too Many Cooks (worn) {Will++ Str+3 SInv}
   (You found it on level 8 of the Dungeon)

   Str:       It affects your strength (+3).
   SInv:      It lets you see invisible.
   Will:      It greatly increases your willpower.
Jewellery
 h - a ring of positive energy (left hand)
 l - an amulet of magic regeneration
 r - a ring of magical power (right hand)
 F - an amulet of faith (around neck)
 H - a ring of ice
 O - an amulet of guardian spirit
 P - a ring of willpower
Wands
 d - a wand of polymorph (6)
 g - a wand of paralysis (2)
 s - a wand of iceblast (10)
 C - a wand of mindburst (12)
Scrolls
 e - 3 scrolls of enchant armour
 f - a scroll of summoning
 j - a scroll of enchant weapon {unknown}
 k - a scroll of magic mapping {unknown}
 w - 2 scrolls of fear {unknown}
 D - a scroll of vulnerability {unknown}
 E - a scroll of torment {unknown}
 I - a scroll of acquirement
Potions
 c - 2 potions of resistance
 i - 5 potions of curing
 n - a potion of ambrosia
 J - a potion of invisibility {unknown}
 K - a potion of brilliance {unknown}
 N - a potion of haste {unknown}


   Skills:
 + Level 8.2 Fighting
 + Level 7.1 Long Blades
 + Level 6.1 Crossbows
 + Level 8.1 Armour
 + Level 8.9 Shields
 + Level 4.6 Spellcasting
 + Level 4.2 Conjurations
 + Level 4.5 Fire Magic
 + Level 5.9 Invocations
 + Level 5.3 Evocations


You had 10 spell levels left.
You knew the following spells:

 Your Spells              Type           Power      Damage    Failure   Level
a - Fireball              Conj/Fire      10%        3d6       67%         5
b - Iskenderun's Battles  Conj           20%        2d7       71%         5

Your spell library contained the following spells:

 Spells                   Type           Power      Damage    Failure   Level
 Scorch                   Fire           42%        2d7       4%          2
 Ensorcelled Hibernation  Hex/Ice        8%         N/A       32%         2
 Sticky Flame             Conj/Fire      21%        2d4       34%         4
 Lesser Beckoning         Tloc           4%         N/A       54%         3
 Spider Form              Tmut/Pois      4%         N/A       54%         3
 Tukima's Dance           Hex            4%         N/A       54%         3
 Anguish                  Hex/Necr       2%         N/A       91%         4
 Summon Ice Beast         Ice/Summ       4%         N/A       91%         4
 Manifold Assault         Tloc           4%         N/A       99%         5
 Summon Mana Viper        Hex/Summ       4%         N/A       99%         5
 Conjure Ball Lightning   Conj/Air       6%         3x3d6     100%        6
 Enfeeble                 Hex            2%         N/A       100%        7
 Monstrous Menagerie      Summ           2%         N/A       100%        7
 Orb of Destruction       Conj           10%        9d6       100%        7
 Ignition                 Fire           10%        3d5       100%        8
 Blink                    Tloc           Unusable   N/A       N/A         2

Dungeon Overview and Level Annotations

Branches:
Dungeon (11/15)            Temple (1/1) D:5            Lair (0/6) D:8
    Orc (0/2) D:10         Bailey (visited)

Altars:
Ashenzari
Cheibriados
Dithmenos
Elyvilon
Fedhas
Gozag
Hepliaklqana
Kikubaaqudgha
Makhleb
Nemelex Xobeh
Okawaru
Qazlal
Ru
Sif Muna
Trog
Uskayaw
Vehumet
Wu Jian
Xom
Yredelemnul
Zin
The Shining One

Shops:
D:7 *


Innate Abilities, Weirdness & Mutations

You cannot be hasted, slowed, berserked, paralysed or teleported.
You can dig through walls and to a lower floor.
You have a pair of large antennae on your head. (SInv)
Your four strong arms can wield two-handed weapons with a shield.
A frigid envelope surrounds you and freezes all who hurt you.
You expend magic power (3 MP) to strengthen your wands.


Message History

The phantasmal warrior blinks!
The slime creature hits you!
The slime creature is very cold.
The slime creature is moderately wounded.
The death knight calls down the wrath of Yredelemnul upon you.
Your body is wracked with pain!
* * * LOW HITPOINT WARNING * * *
The slime creature jiggles.
The phantasmal warrior gestures at you.
The phantasmal warrior blinks!
The death knight's dark mirror aura disappears.
You block the slime creature's attack. The death knight completely misses you.
The phantasmal warrior hits you!
* * * LOW HITPOINT WARNING * * *
Your willpower is stripped away!
The phantasmal warrior resists.
The phantasmal warrior is very cold.
The phantasmal warrior is severely damaged.
You block the slime creature's attack.
The phantasmal warrior barely misses you.
It was a potion of flight.
You feel very buoyant.
You fly up into the air.
It was a potion of attraction.
You feel attractive to monsters.
Two slime creatures merge to form a large slime creature.
The phantasmal warrior gestures at you.
The phantasmal warrior blinks!
It was a potion of berserk rage.
Your stasis prevents you from going berserk.
You block the death knight's attack. The phantasmal warrior gestures at you.
The phantasmal warrior blinks!
The slime creature is attracted toward you.
It was a potion of cancellation.
Your magical effects are unravelling.
You feel magically purged.
You float gracefully downwards.
You feel your willpower return.
The slime creature quivers.
The death knight mumbles some strange prayers to Yredelemnul against you.
You resist with almost no effort. The phantasmal warrior hits you!!
You die...

#......##...........#
##........###......##
###......# ##.....### ###
#......####.....§.# #.##
#........##.......###..##
###.#...#.###..Z§.{.......##
##..[##..#.#
##lJW..{.JJ....##
#...........
##p####........##
......#.###.# #@#
#.#{##....# ......# # # #W#
##.#......## ........# ...
#......#### ..........
.....#.....)#{ .......#..
..##.......... .......###
..# .(......... .........
..# ..........J. .......#.
... ..........#.. ......##
.........#..#


You could see a death knight, a large slime creature, a phantasmal warrior, a
freezing wraith, a basilisk and a centaur warrior zombie.

Vanquished Creatures
  2 two-headed ogres (D:9)
  2 orc knights (Bailey)
  A deep elf pyromancer (D:11)
  An orc sorcerer (Bailey)
  An unseen horror (D:11)
  A gargoyle (D:10)
  A kobold demonologist (Bailey)
  3 komodo dragons
  2 shadows
  A wyvern (D:8)
  12 yaks (D:10)
  A steam dragon (D:6)
  3 basilisks (D:8)
  2 water moccasins (D:7)
  An acid dragon (D:8)
  An ice beast (D:4)
  8 orc warriors
  2 sky beasts
  2 necrophages
  3 ogres
  4 centaurs
  A phantom (D:5)
  2 kobold brigands (D:9)
  A bullfrog (D:7)
  A gnoll sergeant (D:9)
  3 scorpions
  An electric eel (Bailey)
  8 wights
  6 howler monkeys
  A bullfrog zombie (D:6)
  2 centaur zombies
  A jelly (D:5)
  Crazy Yiuf (D:7)
  2 hounds
  A bullfrog skeleton (D:5)
  2 gnoll shamans
  6 orc priests
  3 iguanas
  8 orc wizards
  A scorpion zombie (D:5)
  A hound zombie (D:5)
  A hound skeleton (D:5)
  A mummy (D:9)
  A howler monkey zombie (D:11)
  27 gnolls
  2 adders
  2 shadow imps
  A white imp (D:8)
  An ufetubus (D:6)
  3 worms (D:2)
  7 dart slugs
  23 orcs
  9 ball pythons
  6 bats
  3 endoplasms
  3 giant cockroaches
  14 goblins
  11 hobgoblins
  4 jackals (D:4)
  6 quokkas
  3 frilled lizards
  12 kobolds
  7 rats
253 creatures vanquished.

Vanquished Creatures (others)
  An orc wizard (D:6)
  4 withered plants (D:9)
5 creatures vanquished.

Grand Total: 258 creatures vanquished

Notes
Turn   | Place    | Note
-------+----------+-------------------------------------------
     0 | D:1      | siradein the Formicid Fighter began the quest for the Orb.
     0 | D:1      | Reached XP level 1. HP: 18/18 MP: 1/1
    93 | D:1      | Reached XP level 2. HP: 22/24 MP: 2/2
   277 | D:1      | Reached XP level 3. HP: 28/29 MP: 3/3
   945 | D:1      | Found a faded altar of an unknown god.
  1241 | D:2      | Reached XP level 4. HP: 37/37 MP: 4/4
  1880 | D:2      | Found a white marble altar of Elyvilon.
  2207 | D:2      | Reached XP level 5. HP: 32/42 MP: 5/5
  2569 | D:3      | Noticed an ogre
  2577 | D:3      | Killed an ogre
  2578 | D:3      | Reached XP level 6. HP: 40/49 MP: 6/6
  2678 | D:3      | Found an iron altar of Okawaru.
  2690 | D:3      | Reached skill level 1 in Crossbows
  3253 | D:3      | Reached skill level 5 in Shields
  3741 | D:4      | Reached XP level 7. HP: 45/55 MP: 7/7
  3976 | D:4      | Reached skill level 5 in Fighting
  3976 | D:4      | Reached skill level 5 in Armour
  4265 | D:5      | Entered Level 5 of the Dungeon
  4627 | D:4      | Reached XP level 8. HP: 4/62 MP: 8/8
  5124 | D:5      | Found a staircase to the Ecumenical Temple.
  5162 | Temple   | Entered the Ecumenical Temple
  5273 | Temple   | Became a worshipper of Cheibriados the Contemplative
  6498 | D:6      | Reached skill level 5 in Long Blades
  6498 | D:6      | Reached skill level 1 in Invocations
  6506 | D:6      | Reached skill level 1 in Evocations
  6674 | D:6      | Reached * piety under Cheibriados
  6675 | D:6      | Reached XP level 9. HP: 69/69 MP: 10/10
  6681 | D:6      | Learned a level 5 spell: Fireball
  7221 | D:6      | Identified the +11 long sword of Exoneration {elec, rPois
                  | Str-5 SInv}
  7284 | D:6      | Reached skill level 1 in Fire Magic
  7613 | D:6      | Reached skill level 1 in Spellcasting
  7798 | D:6      | Gained mutation: A frigid envelope surrounds you and
                  | freezes all who hurt you. [potion of mutation]
  7798 | D:6      | Gained mutation: You expend magic power (3 MP) to
                  | strengthen your wands. [potion of mutation]
  7874 | D:7      | Reached skill level 1 in Conjurations
  8499 | D:7      | Found Anwuso's Serpentskin Sales.
  8620 | D:7      | Found a runed translucent door.
  8621 | D:7      | Noticed Crazy Yiuf
  8835 | D:7      | Killed Crazy Yiuf
  8873 | D:8      | Learned a level 5 spell: Iskenderun's Battlesphere
  8904 | D:8      | Reached ** piety under Cheibriados
  8955 | D:8      | Identified the +0 ring mail of Too Many Cooks {Will++ Str+3
                  | SInv}
  9171 | D:8      | Identified the +1 ring mail "Dumpaud" {rPois Will- Str+6
                  | SInv}
  9290 | D:8      | Reached XP level 10. HP: 77/77 MP: 13/13
  9595 | D:8      | Noticed a komodo dragon
  9692 | D:8      | Noticed a komodo dragon
  9698 | D:8      | Killed a komodo dragon
  9719 | D:8      | Killed a komodo dragon
  9824 | D:8      | Found a staircase to the Lair.
 10280 | D:9      | Found a flagged portal.
 10295 | Bailey   | Entered a bailey
 10316 | Bailey   | Noticed an orc knight
 10320 | Bailey   | Reached *** piety under Cheibriados
 10333 | Bailey   | Killed an orc knight
 10334 | Bailey   | Reached skill level 5 in Crossbows
 10766 | Bailey   | Noticed an orc knight
 10786 | Bailey   | Killed an orc knight
 10787 | Bailey   | Reached XP level 11. HP: 27/84 MP: 16/16
 11072 | Bailey   | Found an iron altar of Okawaru.
 11077 | Bailey   | Noticed an orc sorcerer
 11086 | Bailey   | Killed an orc sorcerer
 11106 | Bailey   | Got the Grimoire of the Escort and Heat
 11736 | D:9      | Noticed a two-headed ogre
 11745 | D:9      | Killed a two-headed ogre
 11746 | D:9      | Reached skill level 5 in Invocations
 12079 | D:9      | Noticed a two-headed ogre
 12086 | D:9      | Killed a two-headed ogre
 12386 | D:9      | Reached **** piety under Cheibriados
 13035 | D:10     | Entered Level 10 of the Dungeon
 13795 | D:10     | Reached skill level 5 in Evocations
 14087 | D:10     | Found a staircase to the Orcish Mines.
 14521 | D:11     | Reached XP level 12. HP: 85/92 MP: 18/18
 14602 | D:11     | Noticed a death knight
 14606 | D:11     | Identified the +1 robe of Shadows and Fog {Will+}
 14606 | D:11     | Noticed a skeletal warrior
 14624 | D:11     | HP: 4/93 [phantasmal warrior[a death knight] (17)]
 14629 | D:11     | Demolished by a phantasmal warrior

Illustrated notes

Levels and vault maps discovered:
D:1:      saegor_arrival_simple_b, layout_loops_ring, serial_rivers,
          chequers_serial_rivers_micro_d, chequers_serial_rivers_micro_e,
          chequers_serial_rivers_large_a, chequers_serial_rivers_marsh,
          chequers_serial_rivers_micro_b, chequers_serial_rivers_micro_d,
          dilly_ecumenical_altar_fadedgnrine, chequers_serial_rivers_marsh,
          hangedman_glass_teeth
D:2:      layout_rooms, basic_altar, minmay_misc_feat_chi, grunt_decor_fettered
D:3:      layout_rooms, okawaru_trees_1
D:4:      layout_loops_ring
D:5:      layout_loops_ring, minmay_temple_entry_arrows
D:6:      layout_basic
D:7:      layout_loops_ring, guppyfry_shop_venom, uniq_crazy_yiuf_cottage
D:8:      layout_loops_ring, erik_lair_dragon
D:9:      layout_stronghold, serial_undead, serial_undead_e, serial_undead_a,
          serial_undead_e, serial_undead_b, serial_undead_b, enter_bailey_3,
          solitary_fountain
D:10:     layout_cave_pools, orc_0_dummy
D:11:     layout_cave_pools, nicolae_dithmenos_the_darkroom
Temple:   kilobyte_greek_temple

Skill      XL: |  1  2  3  4  5  6  7  8  9 10 11 |
---------------+----------------------------------+-----
Shields        | 4 5 6 7 8 |  8.9
Fighting       | 4 5 6 7 8 |  8.2
Armour         | 4 5 6 7 8 |  8.1
Long Blades    | 3 4 5 6 7 |  7.1
Crossbows      | 1 2 3 4 5 6 |  6.1
Invocations    | 1 3 4 5 |  5.9
Evocations     | 1 2 4 5 |  5.3
Fire Magic     | 2 3 4 |  4.5
Spellcasting   | 2 3 4 |  4.6
Conjurations   | 1 3 4 |  4.2

Action                   |  1- 3 |  4- 6 |  7- 9 | 10-12 || total
-------------------------+-------+-------+-------+-------++-------
Melee: Long sword        |    86 |   142 |   328 |   199 ||   755
 Fire: Shortbow          |       |       |       |    16 ||    16
       Arbalest          |       |       |       |     4 ||     4
Throw: Dart              |       |       |    12 |    21 ||    33
Invok: Bend Time         |       |       |       |     1 ||     1
       Temporal Distorti |       |       |       |     1 ||     1
       Slouch            |       |       |       |     2 ||     2
 Abil: Dig               |     1 |       |       |       ||     1
Evoke: Wand              |       |       |     1 |     3 ||     4
  Use: Potion            |       |     1 |     1 |     4 ||     6
       Scroll            |       |     1 |     6 |     1 ||     8
 Stab: Paralysed         |       |       |     6 |     6 ||    12
       Distracted        |       |       |       |     1 ||     1
Armor: Scale mail        |    47 |    45 |       |       ||    92
       Chain mail        |       |     9 |   147 |       ||   156
       Steam dragon scal |       |       |    13 |       ||    13
       Plate armour      |       |       |     5 |       ||     5
       Ring mail         |       |       |     2 |    65 ||    67
Dodge: Dodged            |    40 |    59 |   102 |    66 ||   267
Block: Buckler           |    21 |    47 |   106 |    94 ||   268

Table legend: (Time is in decaauts)
 A = Elapsed time spent in this place.
 B = Non-inter-level travel time spent in this place.
 C = Inter-level travel time spent in this place.
 D = Time resting spent in this place.
 E = Time spent auto-exploring this place.
 F = Levels seen in this place.
 G = Mean time per level.
                   A        B        C        D        E       F      G
               +--------+--------+--------+--------+--------+-----+--------+
         Total |  17631 |  16682 |    949 |   2289 |  11229 |  13 | 1356.2 |
       Dungeon |  15825 |  14929 |    896 |   1598 |  10787 |  11 | 1438.6 |
        Temple |    164 |    111 |     53 |      0 |     98 |   1 |  164.0 |
        Bailey |   1641 |   1641 |      0 |    691 |    344 |   1 | 1641.0 |
               +--------+--------+--------+--------+--------+-----+--------+

Top non-repeatable levels by time:
     D:9: 2203 daAuts
     D:6: 2020 daAuts
     D:8: 1843 daAuts
     D:4: 1757 daAuts
  Bailey: 1641 daAuts
     D:7: 1578 daAuts
     D:5: 1543 daAuts
     D:1: 1525 daAuts
    D:10: 1213 daAuts
     D:2: 1201 daAuts
     D:3: 776 daAuts
  Temple: 164 daAuts
    D:11: 163 daAuts
